AoeStats
← LostBard

Golden Pit

509160153Analyzed
1v1 RM · 8d ago on Sep 25, 2026· 44m 19s· 2 players
Game mode
Random Map
Map size
Tiny (2 player)
Population
200
Speed
Normal
Resources
Standard
Victory
Conquest
Starting age
Dark Age
Ending age
Imperial Age
RankedLock teamsTeams togetherTeam positionsShared explorationLock speedFull tech treeHidden civsTurbo modeCheats
Victory
Defeat
🇺🇸 Turks · United States
821
+17
🇦🇷 Danes · Argentina
834
-17
LostBard
4:25 Loom
12:47 Feudal Age
14:24 Wheelbarrow
20:23 Fletching
20:34 Padded Archer Armor
20:49 Town Watch
21:58 Double-Bit Axe
22:00 Horse Collar
26:15 Castle Age
26:35 Arson
26:14 Man-at-Arms
28:34 Hand Cart
28:31 Bow Saw
28:36 Crossbowman
29:36 Leather Archer Armor
34:26 Gold Mining
34:26 Stone Mining
34:41 Heavy Plow
39:00 Imperial Age
38:14 Gold Shaft Mining
40:25 Conscription
40:21 Town Patrol
SABA
11:08 Feudal Age
11:12 Man-at-Arms
21:52 Castle Age
20:21 Double-Bit Axe
41:19 Imperial Age
40:09 Wheelbarrow
40:00 Redemption
42:12 Bloodlines
44:42 Scale Mail Armor
Connection lost

Rejoining the realm…

Still unreachable

The connection could not be restored.

Session expired

The server has moved on; the page needs a fresh start.